 Dungeon Crawl Stone Soup version 0.27-a0-61-g21144fbd99 (webtiles) character file.

Game seed: 7786411510980806122

35451 robertstho the Protected (level 13, -27/123 HPs)
             Began as a Deep Dwarf Fighter on Jan 8, 2021.
             Was a High Priest of Makhleb.
             Annihilated by an orc warrior
             ... wielding a +0 scimitar
             ... led by an orc warlord
              (29 damage)
             ... on level 1 of the Orcish Mines.
             The game lasted 00:24:00 (11842 turns).

robertstho the Protected (Deep Dwarf Fighter)      Turns: 11842, Time: 00:24:01

Health: -27/123    AC: 12    Str: 25    XL:     13   Next: 47%
Magic:  8/8        EV: 14    Int:  9    God:    Makhleb [*****.]
Gold:   1120       SH:  5    Dex: 18    Spells: 12/12 levels left

rFire    . . .     SeeInvis +   h - +1 great sword (drain)
rCold    . . .     Faith    .   (shield currently unavailable)
rNeg     . . .     Spirit   .   K - +2 ring mail "Ikabaum" {*Contam rPois SInv}
rPois    +         Reflect  +   J - +0 helmet
rElec    .         Harm     .   o - +0 cloak
rCorr    .         Rampage  .   (no gloves)
Will     +....                  (no boots)
Stlth    +.........             B - amulet of reflection
HPRegen  0.00/turn              i - +6 ring of dexterity
MPRegen  0.11/turn              A - ring of flight

@: about to teleport, very slightly contaminated, non-regenerating
A: damage resistance, heal wounds, sense surroundings 2, no regeneration
a: Heal Wounds, Renounce Religion, Evoke Flight, Minor Destruction, Lesser
Servant of Makhleb, Major Destruction, Greater Servant of Makhleb


You were on level 1 of the Orcish Mines.
You worshipped Makhleb.
Makhleb was extremely pleased with you.
You visited 2 branches of the dungeon, and saw 15 of its levels.

You collected 1120 gold pieces.

Inventory:

Hand Weapons
 a - a +0 war axe
 h - a +1 great sword of draining (weapon)
 G - a +0 dire flail
 I - a +0 longbow
Missiles
 s - 318 arrows
Armour
 c - a +0 kite shield
 o - a +0 cloak (worn)
 x - a +3 chain mail of cold resistance
 J - a +0 helmet (worn)
 K - the +2 ring mail "Ikabaum" (worn) {*Contam rPois SInv}
   (You found it on level 14 of the Dungeon)

   It protects you from poison.
   It lets you see invisible.
   It causes magical contamination when unequipped.
 M - +0 acid dragon scales
Jewellery
 g - an uncursed amulet of the acrobat
 i - a +6 ring of dexterity (left hand)
 A - a ring of flight (right hand)
 B - an amulet of reflection (around neck)
 P - an uncursed amulet of faith {unknown}
 U - an uncursed ring of fire {unknown}
Wands
 r - a wand of acid (6)
 v - a wand of disintegration (7)
 y - a wand of iceblast (11)
 C - a wand of digging (13)
 H - a wand of flame (37)
 L - a wand of enslavement (9)
Scrolls
 f - 6 scrolls of teleportation
 j - 2 scrolls of immolation
 l - a scroll of noise {unknown}
 m - 3 scrolls of remove curse
 q - 4 scrolls of amnesia
 t - a scroll of fear {unknown}
 w - a scroll of fog {unknown}
 F - a scroll of torment
 N - 3 scrolls of enchant weapon
 O - a scroll of magic mapping {unknown}
 Q - a scroll of random uselessness {unknown}
 S - a scroll of enchant armour {unknown}
 V - a scroll of holy word {unknown}
 W - 2 scrolls of identify
Potions
 b - a potion of heal wounds
 e - a potion of flight
 k - 4 potions of mutation
 n - 2 potions of invisibility
 p - 3 potions of haste
 u - 5 potions of curing
 z - 6 potions of lignification
 D - 2 potions of brilliance
 E - 2 potions of resistance
 R - a potion of magic {unknown}
 T - 2 potions of cancellation {unknown}


   Skills:
 * Level 10.2 Fighting
 + Level 11.3 Long Blades
 + Level 5.3 Axes
 + Level 4.7 Bows
 * Level 12.3 Armour
 + Level 4.2 Dodging
 + Level 6.6 Shields
 * Level 11.8 Invocations
 + Level 1.1 Evocations


You had 12 spell levels left.
You didn't know any spells.
Your spell library contained the following spells:

 Spells                   Type           Power        Failure   Level
 Animate Skeleton         Necr           0%           50%         1
 Apportation              Tloc           0%           50%         1
 Corona                   Hex            0%           50%         1
 Magic Dart               Conj           0%           50%         1
 Pain                     Necr           0%           50%         1
 Blink                    Tloc           N/A          63%         2
 Call Imp                 Summ           0%           63%         2
 Slow                     Hex            0%           63%         2
 Sublimation of Blood     Necr           0%           63%         2
 Confusing Touch          Hex            0%           86%         3
 Conjure Flame            Conj/Fire      0%           86%         3
 Gell's Gravitas          Tloc           0%           86%         3
 Ignite Poison            Fire/Tmut/Pois 0%           86%         3
 Inner Flame              Hex/Fire       0%           86%         3
 Lesser Beckoning         Tloc           0%           86%         3
 Mephitic Cloud           Conj/Pois/Air  0%           86%         3
 Portal Projectile        Hex/Tloc       0%           86%         3
 Tukima's Dance           Hex            0%           86%         3
 Vampiric Draining        Necr           0%           86%         3
 Animate Dead             Necr           0%           99%         4
 Cause Fear               Hex            0%           99%         4
 Leda's Liquefaction      Hex/Erth       0%           99%         4
 Petrify                  Tmut/Erth      0%           99%         4
 Agony                    Necr           0%           100%        5
 Alistair's Intoxication  Tmut/Pois      0%           100%        5
 Bolt of Magma            Conj/Fire/Erth 0%           100%        5
 Irradiate                Conj/Tmut      0%           100%        5
 Iskenderun's Battlesphe  Conj           0%           100%        5
 Metabolic Englaciation   Hex/Ice        0%           100%        5
 Yara's Violent Unravell  Hex/Tmut       0%           100%        5
 Eringya's Noxious Bog    Tmut/Pois      0%           100%        6
 Invisibility             Hex            0%           100%        6
 Iron Shot                Conj/Erth      0%           100%        6
 Orb of Destruction       Conj           0%           100%        7
 Spellforged Servitor     Conj/Summ      0%           100%        7


Dungeon Overview and Level Annotations

Branches:
Dungeon (14/15)            Temple (0/1) D:6            Lair (0/6) D:11
    Orc (1/2) D:9          Vaults (0/5) D:14

Altars:
Ashenzari
Cheibriados
Dithmenos
Elyvilon
Fedhas
Gozag
Hepliaklqana
Makhleb
Nemelex Xobeh
Qazlal
Ru
Trog
Wu Jian
Xom
Yredelemnul
Beogh


Innate Abilities, Weirdness & Mutations

You are resistant to damage.
You can heal yourself by infusing magical energy.
You passively map the area around you.
You do not regenerate.


Message History

As you read the scroll of teleportation, it crumbles to dust.
You feel strangely unstable.
The orc priest looks braver for a moment.
The orc warrior hits you with a +0 scimitar!!
* * * LOW HITPOINT WARNING * * *
The orc priest looks encouraged for a moment.
Your ynoxinul hits the blizzard demon.
The orc priest mumbles some strange prayers to Beogh against you.
Beogh smites you!
* * * LOW HITPOINT WARNING * * *
You feel much better.
The orc priest no longer looks unusually strong.
The orc knight hits you with a +0 long sword!
* * * LOW HITPOINT WARNING * * *
The blizzard demon hits you!
* * * LOW HITPOINT WARNING * * *
The blizzard demon closely misses you.
The orc warrior closely misses your ynoxinul.
The orc warrior hits you with a +0 scimitar!!
You die...

* * , , ........., **#.#
*####........ , * ...##*
##.#......... ,
.....###....oo...... , *
......#...oo)......,
#.....To.oo......>
##....oooo........ ,
###....o23)......... ,
##.##.#.@o).......... ,,
#......).[)).........
*#....()()))......... ,
#.....)())..(......., ,
## ##..)[).#(.(...$...,
.####
#####.((###.....#.##,, ,
..#.####.###...#
.......##
..^..##...#(#)####......#
....##......(##
##......#,, ,


You could see an orc knight, a blizzard demon (summoned), a troll, 5 orc
warriors, 4 orc priests, 3 orcs and a friendly ynoxinul (summoned).

Vanquished Creatures
  Agnes (D:14)
  2 orc warlords (Orc:1)
  An ogre mage (D:9)
  A yaktaur captain (D:14)
  2 boulder beetles (D:14)
  2 two-headed ogres
  3 centaur warriors
  Sonja (D:10)
  Nergalle (D:12)
  2 unseen horrors
  Pikel (D:6)
  2 deep elf magi
  An ugly thing (D:12)
  2 cyclopes
  A manticore (D:12)
  2 gargoyles
  Psyche (D:12)
  Joseph (D:7)
  A komodo dragon (shapeshifter) (D:14)
  A yaktaur (D:14)
  A kobold demonologist (D:11)
  5 trolls
  A hornet (D:14)
  Prince Ribbit (D:6)
  A shadow (D:14)
  A wraith (D:13)
  A vampire (D:14)
  10 yaks
  2 wyverns
  2 wargs (Orc:1)
  6 vampire mosquitoes
  An acid dragon (D:14)
  Edmund (D:6)
  A soldier ant (D:11)
  2 water moccasins
  Duvessa (D:7)
  4 sky beasts
  A necrophage (D:9)
  17 orc warriors
  2 eyes of draining
  2 ice beasts
  5 black bears
  13 ogres
  2 phantoms
  10 centaurs
  6 big kobolds
  7 bullfrogs
  8 gnoll sergeants
  Dowan (D:7)
  A wyvern zombie (D:9)
  A water moccasin skeleton (D:9)
  4 killer bees (D:11)
  7 scorpions
  An electric eel (D:6)
  2 howler monkeys (D:13)
  5 bullfrog zombies
  5 centaur zombies
  2 quasits
  A gnoll shaman (Orc:1)
  4 jellies
  9 orc priests
  6 hounds
  12 orc wizards
  4 iguanas
  14 worker ants
  A killer bee zombie (D:8)
  A hound zombie (D:9)
  2 hound skeletons
  11 adders
  22 gnolls
  3 shadow imps
  5 white imps
  An ufetubus (D:10)
  An ooze (D:5)
  5 worms
  5 dart slugs
  10 leopard geckos
  61 orcs
  3 ball pythons
  3 giant cockroaches
  16 goblins
  12 hobgoblins
  8 jackals
  7 quokkas
  10 bats
  4 frilled lizards
  14 kobolds
  A leopard gecko skeleton (D:5)
  3 rats
431 creatures vanquished.

Vanquished Creatures (collateral kills)
  A boulder beetle (D:11)
  3 death yaks (D:11)
  A skeletal warrior (D:11)
  An orc knight (Orc:1)
  A cyclops (D:11)
  An ugly thing (D:11)
  A manticore (D:14)
  2 orc sorcerers (Orc:1)
  A shadow (D:14)
  5 yaks (D:11)
  A warg (Orc:1)
  3 orc warriors
  2 orc priests
  An orc wizard (Orc:1)
  9 orcs (Orc:1)
33 creatures vanquished.

Vanquished Creatures (others)
  A hound (D:5)
  2 adders (D:5)
  An orc (Orc:1)
4 creatures vanquished.

Grand Total: 468 creatures vanquished

Notes
Turn   | Place    | Note
-------+----------+-------------------------------------------
     0 | D:1      | robertstho the Deep Dwarf Fighter began the quest for the
                  | Orb.
     0 | D:1      | Reached XP level 1. HP: 20/20 MP: 1/1
   150 | D:1      | Reached XP level 2. HP: 28/28 MP: 2/2
   799 | D:2      | Reached XP level 3. HP: 30/34 MP: 3/3
   901 | D:2      | Found a burning altar of Makhleb.
   921 | D:2      | Reached skill level 1 in Dodging
   921 | D:2      | Reached XP level 4. HP: 11/42 MP: 4/4
   933 | D:2      | Became a worshipper of Makhleb the Destroyer
  1204 | D:3      | Reached skill level 4 in Armour
  1204 | D:3      | Reached XP level 5. HP: 32/50 MP: 5/5
  1557 | D:3      | Reached * piety under Makhleb
  1587 | D:3      | Found a white marble altar of Elyvilon.
  1840 | D:3      | Reached XP level 6. HP: 37/57 MP: 6/6
  1854 | D:3      | Found a basalt altar of Yredelemnul.
  2023 | D:4      | Reached skill level 1 in Invocations
  2036 | D:4      | Reached skill level 5 in Axes
  2079 | D:4      | Reached XP level 7. HP: 46/64 MP: 8/8
  2151 | D:4      | Found an opulent altar of Gozag.
  2154 | D:4      | Reached skill level 1 in Long Blades
  2154 | D:4      | Reached skill level 5 in Armour
  2512 | D:5      | Entered Level 5 of the Dungeon
  2556 | D:5      | Found a basalt altar of Yredelemnul.
  2561 | D:5      | Found a sparkling altar of Nemelex Xobeh.
  2581 | D:5      | Found a shimmering altar of Xom.
  2656 | D:5      | Reached ** piety under Makhleb
  2674 | D:5      | Reached skill level 6 in Armour
  2674 | D:5      | Reached XP level 8. HP: 66/73 MP: 10/10
  2923 | D:5      | Found a broken altar of Ashenzari.
  3192 | D:6      | Noticed Pikel
  3202 | D:6      | Killed Pikel
  3222 | D:6      | Reached skill level 5 in Fighting
  3240 | D:6      | Noticed Prince Ribbit
  3249 | D:6      | Killed Prince Ribbit
  3250 | D:6      | Reached skill level 5 in Long Blades
  3250 | D:6      | Reached skill level 7 in Armour
  3275 | D:6      | Found a staircase to the Ecumenical Temple.
  3342 | D:6      | Gained mutation: You passively map the area around you.
                  | [Deep Dwarf growth]
  3342 | D:6      | Reached XP level 9. HP: 57/81 MP: 12/12
  3373 | D:6      | Found a white marble altar of Elyvilon.
  3499 | D:6      | Found a bloodstained altar of Trog.
  3620 | D:6      | Noticed Edmund
  3634 | D:6      | Killed Edmund
  3635 | D:6      | Reached skill level 5 in Invocations
  3775 | D:6      | Reached *** piety under Makhleb
  4139 | D:7      | Noticed Duvessa
  4139 | D:7      | Noticed Dowan
  4144 | D:7      | Killed Duvessa
  4147 | D:7      | Killed Dowan
  4163 | D:7      | Noticed Joseph
  4174 | D:7      | Killed Joseph
  4328 | D:7      | Reached skill level 8 in Armour
  5193 | D:8      | Found a roughly hewn altar of Beogh.
  5224 | D:8      | Reached **** piety under Makhleb
  5498 | D:8      | Reached XP level 10. HP: 92/92 MP: 13/13
  5652 | D:8      | Found a hazy altar of Hepliaklqana.
  5657 | D:8      | Found a blossoming altar of Fedhas.
  5657 | D:8      | Found a shadowy altar of Dithmenos.
  5657 | D:8      | Found a sacrificial altar of Ru.
  5659 | D:8      | Found an ornate altar of the Wu Jian Council.
  5873 | D:9      | Noticed an ogre mage
  5878 | D:9      | Found a bloodstained altar of Trog.
  6076 | D:9      | Found a stormy altar of Qazlal.
  6297 | D:9      | Found a staircase to the Orcish Mines.
  6323 | D:9      | Reached skill level 9 in Armour
  6327 | D:9      | Reached skill level 5 in Shields
  6347 | D:9      | Reached ***** piety under Makhleb
  6448 | D:9      | Noticed a two-headed ogre
  6458 | D:9      | Killed a two-headed ogre
  6485 | D:9      | Found a snail-covered altar of Cheibriados.
  6523 | D:9      | Found a sacrificial altar of Ru.
  6577 | D:9      | You fall into a shaft and drop 3 floors!
  6623 | D:12     | Noticed Nergalle
  6645 | D:12     | Killed Nergalle
  6646 | D:12     | Reached XP level 11. HP: 86/100 MP: 13/13
  6745 | D:12     | You fall into a shaft and drop 1 floor!
  6772 | D:13     | Noticed a centaur warrior
  6781 | D:13     | Killed a centaur warrior
  6782 | D:13     | Reached skill level 10 in Armour
  6847 | D:13     | Noticed a centaur warrior
  6856 | D:13     | Killed a centaur warrior
  6860 | D:13     | Reached skill level 1 in Bows
  7086 | D:13     | Noticed a deep elf mage
  7096 | D:13     | Killed a deep elf mage
  7850 | D:12     | Killed an unseen horror
  7869 | D:12     | Noticed Psyche
  7883 | D:12     | Killed Psyche
  7925 | D:12     | You fall into a shaft and drop 2 floors!
  7925 | D:14     | Noticed a centaur warrior
  7939 | D:14     | Killed a centaur warrior
  7961 | D:14     | Noticed Agnes
  7984 | D:14     | HP: 2/104 [Agnes/+1 lajatang of speed (11)]
  7992 | D:14     | HP: 3/104 [Agnes/+1 lajatang of speed (22)]
  8010 | D:14     | Killed Agnes
  8011 | D:14     | Reached skill level 11 in Armour
  8011 | D:14     | Reached XP level 12. HP: 49/112 MP: 13/13
  8080 | D:14     | Reached skill level 10 in Invocations
  8169 | D:14     | Reached skill level 10 in Long Blades
  8203 | D:14     | Noticed a yaktaur captain
  8221 | D:14     | Killed a yaktaur captain
  8226 | D:14     | Got an ancient ring mail
  8237 | D:14     | Identified the +2 ring mail "Ikabaum" {*Contam rPois SInv}
                  | (You found it on level 14 of the Dungeon)
  8246 | D:14     | Found a gate to the Vaults.
  8430 | D:14     | Noticed a boulder beetle
  8451 | D:14     | Killed a boulder beetle
  8527 | D:14     | Noticed a boulder beetle
  8538 | D:14     | Killed a boulder beetle
  9326 | D:12     | Noticed a two-headed ogre
  9340 | D:12     | Killed a two-headed ogre
 10191 | D:11     | Reached ****** piety under Makhleb
 10214 | D:11     | Noticed a death yak
 10220 | D:11     | Noticed a death yak
 10229 | D:11     | Noticed a death yak
 10232 | D:11     | Killed a death yak
 10236 | D:11     | Killed a death yak
 10237 | D:11     | Reached skill level 12 in Armour
 10241 | D:11     | Killed a death yak
 10242 | D:11     | Reached XP level 13. HP: 46/122 MP: 12/12
 10255 | D:11     | Found a staircase to the Lair.
 10317 | D:11     | Reached skill level 1 in Evocations
 10443 | D:10     | Entered Level 10 of the Dungeon
 10584 | D:10     | Noticed Sonja
 10588 | D:10     | Killed Sonja
 11584 | Orc:1    | Entered Level 1 of the Orcish Mines
 11713 | Orc:1    | Reached skill level 10 in Fighting
 11759 | Orc:1    | Noticed an orc warlord
 11787 | Orc:1    | Killed an orc warlord
 11812 | Orc:1    | Noticed an orc warlord
 11824 | Orc:1    | Killed an orc warlord
 11839 | Orc:1    | Noticed a blizzard demon
 11842 | Orc:1    | HP: 2/123 [blizzard demon[the player character] (12)]
 11842 | Orc:1    | Annihilated by an orc warrior

Illustrated notes

Levels and vault maps discovered:
D:1:      dpeg_arrival_boxes_within_box, layout_loops_ring, minmay_distorted
D:2:      layout_rooms, makhleb_heckhound_becter, minmay_mini_jars
D:3:      layout_loops_cross, marbit_many_paths, elyvilon_altar_1,
          chequers_jeans
D:4:      layout_rooms, lemuel_crystal_altar, lightli_minifort
D:5:      corexii_shack_village, layout_loops_ring, xom_confusion_cloud,
          lemuel_crystal_altar, kennysheep_mini, basic_altar
D:6:      layout_cave_pods, trog_eyes_of_draining,
          minmay_temple_entry_drinking_statues, nicolae_water_bricks,
          lemuel_statue_altar, uniq_prince_ribbit1, uniq_edmund, uniq_pikel
D:7:      layout_basic, minmay_misc_feat_pillars, uniq_duvessa, uniq_joseph
D:8:      layout_basic, minitemple, special_room [special_room_orc]
D:9:      minmay_clustersquares, layout_irregular_city,
          nicolae_qazlal_general_emergency, nicolae_overflow_hidden_temple,
          kennysheep_orc_monster_closet_entryway, basic_altar,
          serial_co_window_serial, co_window_corner_a, co_window_paths_b,
          co_window_paths_a, co_window_paths_b, co_window_corner_a,
          co_window_paths_c, co_window_2corner, co_window_corner_b,
          co_window_corner_ca, co_window_unsneaky_path_a, co_window_corner_ca,
          co_window_paths_d, glass_columns_a, glass_columns_c, glass_columns_a,
          glass_columns_a, glass_columns_a, nicolae_ru_awakened_eye
D:10:     layout_basic, uniq_sonja
D:11:     layout_irregular_city, dpeg_lair_monsters, uniq_urug
D:12:     layout_layer_cave, corexii_checkpoint_a, uniq_psyche, uniq_nergalle
D:13:     layout_basic
D:14:     layout_loops_cross, david_vaults_2, minmay_misc_feat_rows,
          nicolae_sextant, uniq_agnes
Orc:1:    layout_caves

Skill      XL: |  1  2  3  4  5  6  7  8  9 10 11 12 13 |
---------------+----------------------------------------+-----
Fighting       | 3 4 5 6 7 8 9 10 | 10.2
Axes           | 3 4 5 |  5.3
Dodging        | 1 2 3 4 |  4.2
Armour         | 4 6 7 8 9 11 12 | 12.3
Shields        | 4 5 6 |  6.6
Invocations    | 1 3 4 6 7 9 11 | 11.8
Long Blades    | 3 5 7 9 10 11 | 11.3
Bows           | 2 4 |  4.7
Evocations     | 1 |  1.1

Action                   |  1- 3 |  4- 6 |  7- 9 | 10-12 | 13-15 || total
-------------------------+-------+-------+-------+-------+-------++-------
Melee: War axe           |    94 |   131 |       |       |       ||   225
       Great sword       |       |    23 |   307 |   395 |   151 ||   876
 Fire: Longbow           |       |       |       |   233 |    72 ||   305
Invok: Lesser Servant of |       |       |       |    10 |     7 ||    17
       Greater Servant o |       |       |       |     1 |     1 ||     2
 Abil: Heal Wounds       |       |     2 |     6 |    37 |    16 ||    61
Evoke: Wand              |       |       |       |    10 |     3 ||    13
  Use: Scroll            |       |     9 |     5 |     4 |     3 ||    21
       Potion            |       |       |     1 |     6 |     2 ||     9
 Stab: Invisible         |       |       |       |     3 |     6 ||     9
       Distracted        |       |       |       |       |     1 ||     1
Armor: Scale mail        |    55 |    31 |       |       |       ||    86
       Plate armour      |       |    60 |   202 |       |       ||   262
       Chain mail        |       |       |    49 |   365 |       ||   414
       Ring mail         |       |       |       |    58 |   108 ||   166
Dodge: Dodged            |    42 |    83 |   171 |   440 |   205 ||   941
Block: Kite shield       |    48 |    83 |       |       |       ||   131
       Other             |       |       |    46 |   184 |    76 ||   306
       Reflection        |       |       |     3 |     5 |     3 ||    11
       Rpst.: Great sword |       |     7 |    58 |    87 |    23 ||   175

Table legend: (Time is in decaauts)
 A = Elapsed time spent in this place.
 B = Non-inter-level travel time spent in this place.
 C = Inter-level travel time spent in this place.
 D = Time resting spent in this place.
 E = Time spent auto-exploring this place.
 F = Levels seen in this place.
 G = Mean time per level.
                   A        B        C        D        E       F      G
               +--------+--------+--------+--------+--------+-----+--------+
         Total |  12347 |  11723 |    624 |      5 |   8540 |  15 |  823.1 |
       Dungeon |  12048 |  11424 |    624 |      5 |   8463 |  14 |  860.6 |
  Orcish Mines |    299 |    299 |      0 |      0 |     77 |   1 |  299.0 |
               +--------+--------+--------+--------+--------+-----+--------+

Top non-repeatable levels by time:
     D:9: 1263 daAuts
    D:13: 1183 daAuts
    D:12: 1158 daAuts
    D:14: 1080 daAuts
     D:8: 1034 daAuts
     D:6: 1014 daAuts
     D:3: 821 daAuts
     D:1: 708 daAuts
     D:7: 696 daAuts
    D:10: 686 daAuts
     D:5: 681 daAuts
    D:11: 606 daAuts
     D:4: 573 daAuts
     D:2: 540 daAuts
   Orc:1: 299 daAuts
